[Event "NY Presidents Day GM-A 2024"]
[Site "New York"]
[Date "2024.02.20"]
[Round "9.1"]
[White "Yu, Jiangwei"]
[Black "Lu, Maximillian"]
[Result "0-1"]
[ECO "E52"]
[WhiteElo "2357"]
[BlackElo "2371"]
[Annotator "TA"]
[PlyCount "120"]
[EventDate "2024.02.14"]
[EventType "tourn"]
[EventCountry "USA"]
[SourceTitle "playchess.com"]
[Source "ChessBase"]
[SourceQuality "1"]
[TimeControl "5400+30"]

1. d4 Nf6 2. c4 e6 3. Nc3 Bb4 4. e3 b6 5. Bd2 Bb7 6. Nf3 O-O 7. Bd3 d5 8. cxd5 exd5 9. O-O Bd6 10. Rc1 {[%emt 0:01:11] E52: Nimzo-Indian: Rubinstein: 4...0-0 5 Nf3 d5 6 Bd3 b6.} c5 11. dxc5 bxc5 12. Nb5 $146 ({Predecessor:} 12. Re1 Re8 13. Ne2 Nbd7 14. Ng3 Rc8 15. Qa4 Bc6 16. Bb5 Bxb5 17. Qxb5 Qb6 18. Qa4 {½-½ Sadhwani,R (2609)-Arjun,K (2537) Chess Super League 2021 (3.3)}) 12... Be7 13. b4 a6 14. Na3 cxb4 15. Nc2 a5 16. Ncd4 Nbd7 17. Nf5 Nc5 18. Be2 Nfe4 19. Be1 Bf6 20. N3d4 Rc8 21. f3 Nd6 22. Bg3 Bxd4 23. Nxd4 Nc4 24. Nf5 Qf6 25. e4 Nb2 (25... dxe4 $6 26. fxe4 Rfd8 (26... Bxe4 $2 27. Nd6 $18) 27. Nd6 $11) (25... Rfd8 $17 26. Qe1 dxe4 27. Bxc4 Qxf5 28. fxe4 Qxe4 29. Qxe4) 26. Qd2 $1 $11 dxe4 27. Nd6 Nbd3 28. Rc4 $1 (28. fxe4 $2 Qd4+ 29. Bf2 (29. Kh1 $2 Nf2+ 30. Rxf2 Qxd2 $19) 29... Qxd6 $19) 28... Qe6 29. fxe4 Ba6 (29... Bxe4 $6 30. Rd4 $16 (30. Rxe4 Nxe4 31. Nxe4 Rfd8 $11)) (29... Nxe4 $5 30. Rxe4 Bxe4 31. Nxe4 Qxe4 32. Qxd3 Qe6 $16) 30. Bxd3 Nxd3 31. Rxc8 Rxc8 32. Nxc8 Qxc8 33. Qg5 a4 34. Be1 h6 35. Qe7 Qc4 (35... f6 {simplifies} 36. Bxb4 Nxb4 37. Qxb4 Bxf1 38. Kxf1 Qc2) 36. Qe8+ Kh7 37. Qxf7 Qxf7 38. Rxf7 Nxe1 39. Ra7 Bb5 40. Rb7 Bc6 41. Rxb4 Nd3 42. Rd4 Bb5 43. a3 Kg6 44. Rd5 Bc4 45. Rd4 (45. Ra5 $15 Bb3 46. h4) 45... Bb5 $2 ({Black should play} 45... Ne5 $19 {Threatens to win with ...Bb3.} 46. Rd6+ Kg5) 46. g3 ({Better is} 46. Rd5 $11 Bc4 47. Rf5) 46... Kf6 47. Kg2 (47. h4 $15) 47... Ne1+ $17 48. Kf2 Nc2 49. Rd6+ {[%emt 0:00:49] [#]} Ke7 $1 50. Rg6 Kf7 51. Rb6 Nxa3 52. Kf3 $2 (52. Rb7+ $17 {is a better chance.} Kf6 53. h4) 52... Nc2 $19 53. Kf4 (53. Rxb5 $2 {perishes.} Nd4+ 54. Ke3 Nxb5) ({Don't play} 53. Rb7+ Kg6 54. Kf4 (54. Rxb5 $2 {too greedy.} Nd4+ 55. Kf4 Nxb5 $19) (54. Rb6+ $2 Kh7 $19) 54... Bc4) 53... Bc4 54. Rb2 (54. Rc6 $142 Bb3 55. Rc7+ Kg6 56. Rb7) 54... Bb3 $19 55. Ke5 Ke7 56. h4 Ne3 (56... Na3 $142 {( -> ...Nc4+)} 57. Kf5 Nc4) 57. Kf4 $2 (57. Kd4 Nc2+ 58. Ke5) 57... Nc4 $19 58. Rb1 Ke6 59. h5 a3 60. Ra1 a2 0-1

[Event "NY Presidents Day GM-A 2024"]
[Site "New York"]
[Date "2024.02.20"]
[Round "9.2"]
[White "Rorrer, Grayson"]
[Black "Novik, Maxim"]
[Result "1/2-1/2"]
[ECO "B19"]
[WhiteElo "2396"]
[BlackElo "2399"]
[Annotator "TA"]
[PlyCount "65"]
[EventDate "2024.02.14"]
[EventType "tourn"]
[EventCountry "USA"]
[SourceTitle "playchess.com"]
[Source "ChessBase"]
[SourceQuality "1"]
[TimeControl "5400+30"]

1. e4 c6 2. d4 d5 3. Nd2 dxe4 4. Nxe4 Bf5 5. Ng3 Bg6 6. h4 h6 7. Nf3 e6 8. Ne5 Bh7 9. Bd3 Bxd3 10. Qxd3 Nd7 11. Qe2 Ngf6 12. O-O Be7 13. Rd1 O-O 14. c4 Re8 15. Bf4 Bf8 16. Rd3 Qe7 (16... Qc7 $11) 17. Rb3 $16 Nb6 (17... Nxe5 $142 18. dxe5 Nh7) 18. a4 $1 Nc8 19. Nh5 {[%emt 0:07:27] White is much more active.} (19. c5 $16) 19... Nd6 ({Black should play} 19... Nxh5 $11 20. Qxh5 Nd6) 20. Rd1 Nxh5 21. Qxh5 Rad8 22. g3 g6 (22... f6 $5 23. Ng4 Nxc4 $11) 23. Qe2 Bg7 24. Rbd3 Nf5 25. Qe4 Nd6 26. Qe2 Nf5 27. Qd2 {[%emt 0:00:37] [#]} (27. a5 $11) 27... Kh7 (27... c5 $1 $17 28. dxc5 Rxd3 29. Nxd3 e5) 28. Qa5 $2 {[%emt 0:02:35] [#]} (28. b3 $11) 28... a6 ({Better is} 28... f6 $1 $17 29. Ng4 e5 30. dxe5 Rxd3 31. Rxd3 fxe5) 29. Qb6 (29. Nf3 $11) 29... Nd6 (29... f6 $17 30. Ng4 e5 31. dxe5 Rxd3 32. Rxd3 fxe5) 30. Qb4 Nf5 (30... g5 $11 31. hxg5 hxg5) 31. Qb6 $17 Nd6 (31... f6 $17 32. Ng4 e5 33. dxe5 Rxd3 34. Rxd3 fxe5 35. Nxe5 Bxe5 36. Bxe5 Qxe5 37. Qxb7+ Ng7) 32. Qc5 (32. Qb4 $11 {keeps the balance.}) 32... Nf5 33. Qb6 {[%emt 0:00:40] Weighted Error Value: White=0.33/Black=0.30.  Mistake:       	White=5     	Black=8      Inaccurate:     	White=1     	---        OK:         	White=5     	Black=8      Best:        	White=1     	Black=1      Strong:       	White=1     	---} 1/2-1/2

[Event "NY Presidents Day GM-A 2024"]
[Site "New York"]
[Date "2024.02.19"]
[Round "9.3"]
[White "Kaliksteyn, Alexander"]
[Black "Griffith, Kyron"]
[Result "1/2-1/2"]
[ECO "A18"]
[WhiteElo "2363"]
[BlackElo "2367"]
[Annotator "TA"]
[PlyCount "31"]
[EventDate "2024.02.14"]
[EventType "tourn"]
[EventCountry "USA"]
[SourceTitle "playchess.com"]
[Source "ChessBase"]
[SourceQuality "1"]
[TimeControl "5400+30"]

1. c4 e6 2. Nc3 Nf6 3. e4 d5 4. e5 d4 5. exf6 dxc3 6. bxc3 Qxf6 7. Nf3 b6 8. d4 Bb7 9. Be2 Nd7 10. O-O h6 11. a4 Bd6 12. Re1 O-O 13. a5 Be4 (13... e5 $11) 14. Be3 Rfd8 15. axb6 axb6 16. Rxa8 {[%emt 0:00:16] Not much happened in this game.   Weighted Error Value: White=0.14 (very precise) /Black=0.15 (very precise) .  Mistake:       	---       	Black=1      Inaccurate:     	White=1     	---        OK:         	White=1     	Black=3} 1/2-1/2

[Event "NY Presidents Day GM-A 2024"]
[Site "New York"]
[Date "2024.02.19"]
[Round "9.4"]
[White "Mandizha, Farai"]
[Black "Paragua, Mark"]
[Result "1/2-1/2"]
[ECO "E05"]
[WhiteElo "2367"]
[BlackElo "2448"]
[Annotator "TA"]
[PlyCount "32"]
[EventDate "2024.02.14"]
[EventType "tourn"]
[EventCountry "USA"]
[SourceTitle "playchess.com"]
[Source "ChessBase"]
[SourceQuality "1"]
[TimeControl "5400+30"]

1. d4 Nf6 2. c4 e6 3. Nf3 d5 4. g3 Be7 5. Bg2 O-O 6. O-O dxc4 7. Qc2 a6 8. a4 Bd7 9. Qxc4 Bc6 10. Bg5 Nbd7 11. Nbd2 h6 {[%emt 0:00:29] [#] aiming for ...Nb6.} 12. Bxf6 Nxf6 {[%emt 0:00:11] The position is equal.} 13. Rfc1 a5 14. e3 Bb4 15. Qc2 Rc8 16. Rd1 Qe7 {[%emt 0:01:23] An uneventful encounter.   Weighted Error Value: White=0.04 (flawless) /Black=0.06 (flawless) .  Inaccurate:     	---       	Black=1      OK:         	White=2     	Black=3      Best:        	White=1     	---} 1/2-1/2

[Event "NY Presidents Day GM-A 2024"]
[Site "New York"]
[Date "2024.02.20"]
[Round "9.5"]
[White "Lenderman, Aleksandr"]
[Black "Eidelman, Gabriel"]
[Result "1-0"]
[ECO "A13"]
[WhiteElo "2521"]
[BlackElo "2343"]
[Annotator "TA"]
[PlyCount "73"]
[EventDate "2024.02.14"]
[EventType "tourn"]
[EventCountry "USA"]
[SourceTitle "playchess.com"]
[Source "ChessBase"]
[SourceQuality "1"]
[TimeControl "5400+30"]

1. c4 e6 2. Nf3 Nf6 3. Nc3 d5 4. e3 Be7 5. b3 O-O 6. Bb2 b6 7. cxd5 exd5 8. d4 Bd6 9. Bd3 {[%emt 0:00:36] The position is equal.} Re8 10. O-O a6 11. Rc1 Nbd7 {[%emt 0:01:17] Wards off Ne5} 12. Ne2 Bb7 13. Ng3 g6 14. Qc2 Rc8 15. Qe2 Ra8 16. Rc2 Qe7 17. Rfc1 c6 18. Qd1 a5 19. a4 Ne4 20. Bxe4 dxe4 21. Nd2 Qh4 (21... f5 $11 {remains equal.}) 22. Nc4 Bf8 {[%emt 0:25:59] [#]} 23. d5 $1 c5 (23... cxd5 $2 {perishes.} 24. Nxb6 (24. Qd4 Qf6 $14) 24... Nxb6 25. Qd4 $18) 24. f3 exf3 25. Qxf3 Be7 $2 {[%emt 0:05:17] This costs Black the game.} ({Better is} 25... Bh6 $14) 26. Rf2 $40 {[%emt 0:03:57][%mdl 128] White wants a kill.} f6 27. e4 Rf8 28. Rcf1 Rae8 29. Qd3 Ba6 $2 (29... Qh6 30. Rf3 Kh8) 30. d6 {[%emt 0:01:15] White is clearly winning.} Bd8 31. Qd5+ Rf7 32. Rf4 Qh6 33. e5 {[%emt 0:01:31] Hoping for e6.} Bxc4 34. bxc4 ({Weaker is} 34. Qxc4 Nxe5 35. Qd5 Nd7 $16) 34... Nxe5 35. Ne4 Kg7 (35... Ng4 $142 36. Rxg4 Qe3+ 37. Nf2 Qe2) 36. h4 {[%emt 0:01:04][%cal Oe4g5] Threatens to win with Ng5!} Qh5 {[%emt 0:04:16] [#]} 37. Ng5 $1 {[%emt 0:01:43][%mdl 512] Weighted Error Value: White=0.12 (very precise) /Black=0.40.  Loses game:     	---       	Black=1      Mistake:       	---       	Black=3      Inaccurate:     	White=1     	---        OK:         	White=14    	Black=16     Best:        	White=3     	Black=2} 1-0